 Dungeon Crawl Stone Soup version 0.24.0-125-gc4c63601f3 (webtiles) character file.

Game seed: 8408250546241114761, levelgen mode: deterministic

814818 Amplified the Conqueror (level 27, -6/300 HPs)
             Began as a Minotaur Earth Elementalist on Mar 18, 2020.
             Was the Champion of Qazlal.
             Mangled by a reaper
             ... wielding a +0 scythe of venom
              (18 damage)
             ... on level 1 of the Depths.
             The game lasted 02:31:06 (75664 turns).

Amplified the Conqueror (MiEE)                     Turns: 75664, Time: 02:31:07

Health: -6/300     AC: 46    Str: 22      XL:     27
Magic:  36/36      EV: 18    Int: 13      God:    Qazlal [******]
Gold:   2768       SH: 20    Dex: 18 (20) Spells: 20/44 levels left

rFire    + + +     SeeInvis .   g - +9 demon whip (pain)
rCold    + + +     Gourm    .   I - +2 buckler {rF+}
rNeg     + + .     Faith    .   Y - +6 gold dragon scales
rPois    +         Spirit   .   B - +2 hat
rElec    .         Reflect  .   r - +2 cloak {rPois}
rCorr    .         Harm     .   H - +2 pair of gloves
MR       +++..                  s - +1 pair of boots "Uloipaar" {Int+4}
Stlth    ..........             x - amulet of the Gloaming {RegenMP Dex+4 Slay+6}
HPRegen  0.00/turn              A - ring "Vezezeof" {Wiz rF+ rN+}
MPRegen  0.50/turn              G - ring of positive energy

@: studying Long Blades, repel missiles
A: retaliatory headbutt, horns 2, large bone plates 1, agile 1, blurry vision 1,
cold resistance 2, deterioration 1, dopey 2, magic resistance 1, robust 1,
inhibited regeneration
0: Orb of Zot
}: 5/15 runes: decaying, serpentine, slimy, silver, abyssal
a: Upheaval, Elemental Force, Disaster Area, Renounce Religion


You were on level 1 of the Depths.
You worshipped Qazlal.
Qazlal was exalted by your worship.
You were very full.

You visited 11 branches of the dungeon, and saw 57 of its levels.
You visited the Abyss 5 times.
You visited 1 bazaar.
You visited 1 ziggurat, and saw 9 of its levels.
You also visited: Trove, Ice Cave and Volcano.

You collected 9913 gold pieces.
You spent 7145 gold pieces at shops.

Inventory:

Hand Weapons
 g - a +9 demon whip of pain (weapon)
 p - a +3 eveningstar of freezing
 C - a +2 demon whip of electrocution
Missiles
 b - 898 stones (quivered)
 e - 130 poisoned darts
 i - 26 curare-tipped darts
Armour
 c - the +5 ring mail of Waosusk {rC+ MR+}
   (You found it on level 5 of the Vaults)

   It protects you from cold.
   It affects your resistance to hostile enchantments.
 r - a +2 cloak of poison resistance (worn)
 s - the +1 pair of boots "Uloipaar" (worn) {Int+4}
   (You bought it in a shop in a bazaar)

   It affects your intelligence (+4).
 B - a +2 hat (worn)
 E - the +3 plate armour of Inviolability {+Blink rPois rC++ Int-3}
   (You took it off a vault guard on level 5 of the Vaults)

   It affects your intelligence (-3).
   It greatly protects you from cold.
   It protects you from poison.
   It lets you blink.
 H - a +2 pair of gloves (worn)
 I - a +2 buckler of fire resistance (worn)
 L - a +0 shield of reflection
 W - the +0 pair of boots of Duty {*Drain rPois Regen+ Str+3}
   (You acquired it on level 1 of the Depths)

   It affects your strength (+3).
   It protects you from poison.
   It increases your rate of regeneration.
   It causes draining when unequipped.
 Y - +6 gold dragon scales (worn)
Jewellery
 m - the ring of Dimarchem {*Slow +Fly rF+ MR+ Slay+3}
   (You bought it in a shop on level 2 of the Snake Pit)

   [ring of slaying]

   It affects your accuracy and damage with ranged weapons and melee attacks
   (+3).
   It protects you from fire.
   It affects your resistance to hostile enchantments.
   It lets you fly.
   It may slow you when you take damage.
 o - the ring "Jututhy" {Ice *Corrode rElec rN++}
   (You found it on level 3 of the Realm of Zot)

   [ring of ice]

   It enhances your ice magic.
   It makes you vulnerable to fire.
   It protects you from cold.
   It insulates you from electricity.
   It greatly protects you from negative energy.
   It may corrode you when you take damage.
 x - the amulet of the Gloaming (around neck) {RegenMP Dex+4 Slay+6}
   (You bought it in a shop on level 1 of the Depths)

   [amulet of magic regeneration]

   It increases your magic regeneration.
   It affects your dexterity (+4).
   It affects your accuracy and damage with ranged weapons and melee attacks
   (+6).
 y - an uncursed ring of resist corrosion
 A - the ring "Vezezeof" (left hand) {Wiz rF+ rN+}
   (You bought it in a shop on level 1 of the Depths)

   [ring of wizardry]

   It improves your spell success rate.
   It protects you from fire.
   It protects you from negative energy.
 G - a ring of positive energy (right hand)
 M - the ring "Qetuo" {rElec rF+ Str+5 SInv Stlth-}
   (You took it off an orc knight on level 1 of the Orcish Mines)

   [ring of protection from fire]

   It affects your strength (+5).
   It protects you from fire.
   It insulates you from electricity.
   It lets you see invisible.
   It makes you less stealthy.
 X - an uncursed ring of positive energy
Wands
 f - a wand of disintegration (38)
 l - a wand of iceblast (38)
 v - a wand of scattershot (1)
 w - a wand of clouds (1)
 D - a wand of digging (3)
Scrolls
 t - 19 scrolls of teleportation
 z - 5 scrolls of fog
 J - 31 scrolls of remove curse
 K - a scroll of brand weapon
 N - 11 scrolls of fear
 R - 3 scrolls of magic mapping
 U - 12 scrolls of identify
 V - 13 scrolls of amnesia
Potions
 a - 4 potions of ambrosia
 h - 3 potions of flight
 j - 7 potions of brilliance
 u - 12 potions of curing
 F - a potion of resistance
 S - a potion of cancellation
Books
 Q - a manual of Long Blades
Miscellaneous
 O - 5 phantom mirrors
Comestibles
 d - 53 rations


   Skills:
 O Level 27 Fighting
   Level 9.3(11.9) Axes
 - Level 12.0(13.2) Maces & Flails
 O Level 27 Armour
 - Level 22.5 Dodging
 - Level 1.5 Stealth
 - Level 6.7 Shields
 * Level 9.0 Spellcasting
 * Level 8.8 Hexes
 * Level 8.8 Charms
 - Level 15.1 Necromancy
 - Level 0.7 Transmutations
 - Level 2.4 Earth Magic
 - Level 21.5 Invocations


You had 20 spell levels left.
You knew the following spells:

 Your Spells              Type           Power        Failure   Level  Hunger
a - Sandblast             Erth           ##....       16%         1    None
b - Passwall              Tmut/Erth      #.......     32%         2    None
c - Borgnjor's Vile Clut  Necr/Erth      ####......   32%         5    #####..
d - Regeneration          Chrm/Necr      #####.....   1%          3    ##.....
e - Spectral Weapon       Hex/Chrm       ####....     3%          3    ##.....
f - Dispel Undead         Necr           #####...     2%          5    #####..
g - Agony                 Necr           #####...     2%          5    #####..

Your spell library contained the following spells:

 Spells                   Type           Power        Failure   Level  Hunger
 Animate Skeleton         Necr           N/A          1%          1    None
 Confusing Touch          Hex            ####..       1%          1    None
 Infusion                 Chrm           ####         1%          1    None
 Pain                     Necr           ####         1%          1    None
 Song of Slaying          Chrm           ####....     1%          2    None
 Sublimation of Blood     Necr           #####.....   1%          2    None
 Vampiric Draining        Necr           #####.....   1%          3    ##.....
 Animate Dead             Necr           N/A          1%          4    ####...
 Confuse                  Hex            ####....     3%          3    ##.....
 Tukima's Dance           Hex            ####....     3%          3    ##.....
 Excruciating Wounds      Chrm/Necr      #####.....   9%          5    #####..
 Ensorcelled Hibernation  Hex/Ice        ###...       11%         2    None
 Shroud of Golubria       Chrm/Tloc      ###...       12%         2    None
 Swiftness                Chrm/Air       ###.....     12%         2    None
 Dazzling Spray           Conj/Hex       ###...       21%         3    ##.....
 Portal Projectile        Hex/Tloc       ###...       21%         3    ##.....
 Summon Guardian Golem    Hex/Summ       ###.....     21%         3    ##.....
 Ozocubu's Armour         Chrm/Ice       ###.....     22%         3    ##.....
 Apportation              Tloc           #.....       38%         1    None
 Magic Dart               Conj           #...         38%         1    None
 Shock                    Conj/Air       #...         38%         1    None
 Sting                    Conj/Pois      #...         38%         1    None
 Summon Butterflies       Summ           #.......     38%         1    None
 Summon Small Mammal      Summ           #...         38%         1    None
 Leda's Liquefaction      Hex/Erth       ###.......   38%         4    ####...
 Bolt of Draining         Conj/Necr      ####......   45%         5    #####..
 Call Imp                 Summ           #.......     52%         2    None
 Poisonous Vapours        Pois/Air       #.....       52%         2    None
 Searing Ray              Conj           #.....       52%         2    None
 Fulminant Prism          Conj/Hex       ###.......   54%         4    ####...
 Stone Arrow              Conj/Erth      #.....       58%         3    ##.....
 Spider Form              Tmut/Pois      #.........   71%         3    ##.....
 Ignite Poison            Fire/Tmut/Pois #.......     73%         3    ##.....
 Call Canine Familiar     Summ           #.......     75%         3    ##.....
 Conjure Flame            Conj/Fire      #.......     75%         3    ##.....
 Gell's Gravitas          Tloc           #.........   75%         3    ##.....
 Lesser Beckoning         Tloc           #.........   75%         3    ##.....
 Mephitic Cloud           Conj/Pois/Air  #.......     75%         3    ##.....
 Recall                   Summ/Tloc      N/A          75%         3    ##.....
 Static Discharge         Conj/Air       #.......     75%         3    ##.....
 Yara's Violent Unravell  Hex/Tmut       ###.......   83%         5    #####..
 Darkness                 Hex            ####......   85%         6    #######
 Invisibility             Hex            ####....     85%         6    #######
 Metabolic Englaciation   Hex/Ice        ###.......   86%         5    #####..
 Silence                  Hex/Air        ###.......   86%         5    #####..
 Summon Mana Viper        Hex/Summ       ###.....     86%         5    #####..
 Iskenderun's Battlesphe  Conj/Chrm      ###.....     87%         5    #####..
 Petrify                  Tmut/Erth      #.......     90%         4    ####...
 Simulacrum               Ice/Necr       ####......   95%         6    #######
 Ice Form                 Ice/Tmut       #.......     97%         4    ####...
 Airstrike                Air            #.........   98%         4    ####...
 Force Lance              Conj/Tloc      #.......     98%         4    ####...
 Iskenderun's Mystic Bla  Conj           #.......     98%         4    ####...
 Sticky Flame             Conj/Fire      #.......     98%         4    ####...
 Summon Ice Beast         Ice/Summ       #.......     98%         4    ####...
 Summon Lightning Spire   Summ/Air       #.......     98%         4    ####...
 Lee's Rapid Deconstruct  Erth           ##........   98%         5    #####..
 Alistair's Intoxication  Tmut/Pois      #.......     100%        5    #####..
 Aura of Abjuration       Summ           #.........   100%        5    #####..
 Bolt of Magma            Conj/Fire/Erth #.........   100%        5    #####..
 Fireball                 Conj/Fire      #.........   100%        5    #####..
 Lightning Bolt           Conj/Air       #.........   100%        5    #####..
 Summon Demon             Summ           #.........   100%        5    #####..
 Summon Forest            Summ/Tloc      #.........   100%        5    #####..
 Bolt of Cold             Conj/Ice       #.........   100%        6    #######
 Bolt of Fire             Conj/Fire      #.........   100%        6    #######
 Conjure Ball Lightning   Conj/Air       #.........   100%        6    #######
 Dispersal                Tloc           #.........   100%        6    #######
 Freezing Cloud           Conj/Ice/Air   #.........   100%        6    #######
 Iron Shot                Conj/Erth      #.........   100%        6    #######
 Ozocubu's Refrigeration  Ice            #.........   100%        6    #######
 Shadow Creatures         Summ           N/A          100%        6    #######
 Statue Form              Tmut/Erth      #........    100%        6    #######
 Ring of Flames           Chrm/Fire      ###.......   100%        7    #######
 Controlled Blink         Tloc           N/A          100%        8    #######
 Disjunction              Tloc           #.........   100%        8    #######
 Ignition                 Fire           #.........   100%        8    #######
 Shatter                  Erth           ##........   100%        9    #######
 Tornado                  Air            #.........   100%        9    #######
 Passage of Golubria      Tloc           Unusable     N/A         4    N/A

Dungeon Overview and Level Annotations

Branches:
Dungeon (15/15)            Temple (0/1) D:7            Lair (6/6) D:9
  Swamp (4/4) Lair:4        Snake (4/4) Lair:2        Slime (5/5) Lair:5
    Orc (2/2) D:10            Elf (3/3) Orc:2        Vaults (5/5) D:14
  Crypt (3/3) Vaults:2       Tomb (0/3) Crypt:3      Depths (5/5) D:15
    Zot (5/5) Depths:5      IceCv (visited)         Volcano (visited)

Altars:
Ashenzari
Cheibriados
Dithmenos
Elyvilon
Fedhas
Kikubaaqudgha
Makhleb
Nemelex Xobeh
Okawaru
Qazlal
Ru
Trog
Xom
Yredelemnul
Zin
The Shining One
Beogh
Jiyva

Shops:
D:11 }   Orc:2 !*(:!   Snake:2 =}=   Vaults:1 %   Vaults:3 :   Vaults:4 [
Depths:1 =**}?

Portals:
Hell: Depths:1 Depths:2 Depths:3 Depths:4 Depths:5
Abyss: Depths:4
Pandemonium: Depths:3

Annotations:
D:11 1000 for rN++, Crypts, Vaults, Slime, Endgame
Elf:2 5 runed translucent doors, Roxanne
Depths:3 Death by itemdraught, supercareful Zot.
Depths:4 Zot until if rN++


Innate Abilities, Weirdness & Mutations

You reflexively headbutt those who attack you in melee.
You have a pair of horns on your head.
You are partially covered in large bone plates. (SH +4)
You are agile. (Dex +2)
Scrolls take you a little longer to read.
Your flesh is very cold resistant. (rC++)
Your body sometimes deteriorates upon taking damage.
You are very dopey. (Int -4)
You are resistant to hostile enchantments. (MR+)
You are robust. (+10% HP)
You do not regenerate when monsters are visible.


Message History

Okay, then.
Okay, then.
Okay, then.
Press: ? - help, v - describe, . - travel, g - get item
Here: a Hell Sentinel (noxious fumes, moderately wounded) +0 ice dragon scales.
There is something else lying underneath.
The floor, spattered with blood.
Unknown command.
Unknown command.
Okay, then.
You feel better. The Hell Sentinel gestures at you.
The sphere of damnation explodes!
The damnation engulfs you!!!
* * * LOW HITPOINT WARNING * * *
Your body deteriorates!
You feel clumsy.
The damnation engulfs the Hell Sentinel.
The Hell Sentinel completely resists.
The reaper hits you from afar with a +0 scythe of venom!!
You die...

≈≈#.....# #≈.§§...≈#.#.....
≈≈#.....# #≈8§§.§8≈#.#....#
###.....# ##.§§§§§§.#.##....
#.......# #..§§§§§§...###...
........# #§########.## ##..
#.......# #§# #.# ##. #(......#
#2# #.# ##
#<...[..########1########.#######
#..............○@................
#.............§§○.☼..............
#................°...............
#................................
#................................
#................................
#................................
#################################


You could see a Hell Sentinel and a reaper.

Vanquished Creatures
  the Royal Jelly (Slime:5)
  10 ancient liches
  The ghost of Voapiu the Wrestler, a legendary TrBe of Trog (Zot:2)
  4 orbs of fire
  Sojobo (Depths:1)
  A pandemonium lord (Zig:2)
  Frederick (Crypt:2)
  12 Killer Klowns
  Bai Suzhen (Snake:4)
  Saint Roka (Snake:4)
  6 golden dragons
  4 bone dragons
  8 electric golems
  15 tentacled monstrosities
  2 Ice Fiends
  25 Orb Guardians (Zot:5)
  11 liches
  3 deep elf master archers (Elf:3)
  3 quicksilver dragons
  Asterion (Vaults:2)
  6 deep elf blademasters (Elf:3)
  8 death cobs
  18 acid blobs
  5 ancient champions
  6 titans
  Frances (D:14)
  3 Executioners
  3 sphinxes
  10 tentacled starspawn
  2 thorn hunters (Swamp:4)
  13 shadow dragons
  Kirke (D:12)
  A storm dragon (shapeshifter) (Elf:1)
  8 draconian monks
  A revenant (Crypt:2)
  8 tengu reavers
  Donald (Slime:2)
  5 daevas
  23 storm dragons
  13 fire giants
  10 azure jellies
  5 draconian knights
  Aizul (Vaults:2)
  Louise (Elf:1)
  10 deep elf sorcerers
  11 nagarajas
  7 vault wardens
  5 frost giants
  5 draconian shifters
  2 ghouls (Crypt:1)
  4 draconian scorchers
  2 cacodemons
  4 balrugs
  A juggernaut zombie (D:15)
  2 deep elf elementalists
  2 ghost moths
  6 ironheart preservers
  3 curse skulls
  4 reapers
  6 war gargoyles
  2 draconian stormcallers
  23 very ugly things
  2 entropy weavers
  A caustic shrike skeleton (Crypt:2)
  12 vampire knights
  25 stone giants
  15 black draconians
  5 green draconians
  7 draconian annihilators
  A deep elf demonologist (Vaults:5)
  A spectral titan (Depths:5)
  A lorocyproca (Depths:3)
  14 white draconians
  8 deep elf annihilators
  16 red draconians
  17 yellow draconians
  12 purple draconians
  A dire elephant (Lair:6)
  Snorg (D:12)
  2 spark wasps (Depths:2)
  8 death oozes
  2 blizzard demons
  11 ettins
  A merfolk impaler (Abyss:5)
  9 deep elf death magi
  5 fire dragons
  3 eidola (Crypt:1)
  6 crystal guardians
  A green death (Zig:7)
  7 jiangshi
  25 yaktaur captains
  Josephine (D:15)
  3 deep elf high priests
  5 rakshasas
  27 vault guards
  24 great orbs of eyes
  16 naga warriors
  34 hydras
  11 ice dragons
  A shambling mangrove (Swamp:1)
  A catoblepas (Lair:2)
  8 anacondas
  The ghost of Alanuph the Martial Artist, a journeyman MfTm of Okawaru (Orc:1)
  32 two-headed ogres
  2 ghost crabs
  12 centaur warriors
  A spriggan air mage (Depths:1)
  Erica (D:8)
  A two-headed ogre (shapeshifter) (Vaults:2)
  3 satyrs
  8 ogre magi
  11 alligators
  6 death knights
  23 dancing weapons
  3 death yaks
  3 tengu warriors
  4 deep troll earth magi
  9 deep troll shamans
  A death yak (shapeshifter) (Vaults:5)
  9 vampire magi
  6 orc high priests
  2 titan zombies
  Urug (Lair:6)
  A soul eater (Depths:3)
  10 naga sharpshooters
  7 spriggan berserkers
  10 thrashing horrors
  2 sun demons
  5 shock serpents
  17 deep elf knights
  4 sixfirhies
  2 storm dragon zombies
  A salamander mystic (Snake:4)
  An iron troll (Depths:3)
  An iron troll (shapeshifter) (Zig:7)
  Nergalle (D:12)
  52 skeletal warriors
  2 sea snakes (Snake:1)
  8 wretched stars
  2 golden dragon zombies
  34 large abominations
  29 starcursed masses
  10 flayed ghosts
  7 glowing orange brains
  A sea snake (shapeshifter) (D:15)
  2 spatial maelstroms (Abyss:3)
  An unseen horror (shapeshifter) (Depths:4)
  30 hell knights
  5 unseen horrors
  A torturous demonspawn (Zot:1)
  6 shadow wraiths
  31 deep trolls
  6 phantasmal warriors
  5 wizards
  14 swamp dragons
  12 deep elf archers
  Pikel (D:7)
  13 naga ritualists
  2 wolf spider zombies
  12 ironbrand convokers
  10 orc knights
  5 wolf spiders
  15 necromancers
  A shadow demon (Abyss:5)
  A golden dragon skeleton (Depths:4)
  3 frost giant zombies
  An iron dragon zombie (Crypt:1)
  A tengu zombie (Depths:3)
  2 shadow dragon zombies
  62 deep elf magi
  A shining eye (shapeshifter) (Depths:2)
  7 shining eyes
  An orb spider (shapeshifter) (Depths:1)
  4 orc sorcerers
  A tengu skeleton (Depths:4)
  A faun (shapeshifter) (Vaults:5)
  9 mana vipers
  67 ugly things
  A salamander (shapeshifter) (Vaults:3)
  5 elephants (Lair:3)
  2 manticores (D:13)
  A faun (Zig:3)
  22 moths of wrath
  4 cyclopes
  Maurice (Orc:1)
  4 stone giant skeletons
  4 worldbinders
  A guardian serpent (shapeshifter) (Vaults:5)
  15 salamanders
  31 naga magi
  A rust devil (Abyss:1)
  4 eyes of devastation
  6 guardian serpents
  Joseph (D:7)
  A frost giant skeleton (Crypt:1)
  3 centaur zombies
  A titan simulacrum (Abyss:3)
  A fire giant skeleton (Crypt:3)
  5 apocalypse crabs
  50 black mambas
  An ice statue (IceCv)
  22 spiny frogs
  2 torpor snails
  A black mamba (shapeshifter) (Vaults:5)
  14 smoke demons
  2 molten gargoyles (Volcano)
  3 orange demons
  2 dire elephant skeletons
  15 vault sentinels
  4 gargoyles
  2 hellions
  4 centaur skeletons (D:13)
  A spectral iron troll (Crypt:3)
  5 komodo dragons
  2 rime drakes
  2 rime drakes (shapeshifter)
  2 kobold demonologists
  32 yaktaurs
  A hellwing (Depths:3)
  2 demonic crawlers
  4 efreet
  An alligator snapping turtle skeleton (Crypt:1)
  2 tormentors
  2 komodo dragons (shapeshifter)
  21 freezing wraiths
  2 ice devils (Depths:3)
  3 spectral deep trolls (Crypt:2)
  A troll (shapeshifter) (Vaults:1)
  12 ancient zymes
  A guardian mummy (D:15)
  A queen bee (D:10)
  6 trolls
  2 meliai (shapeshifter)
  18 hornets
  2 blink frogs (shapeshifter)
  12 tyrant leeches
  Grinder (D:3)
  24 polar bears
  13 bog bodies
  A merfolk (shapeshifter) (Vaults:2)
  17 blink frogs
  A meliai zombie (D:14)
  13 raiju
  A snapping turtle (shapeshifter) (Vaults:5)
  6 dream sheep (Lair:5)
  A fire giant simulacrum (Vaults:1)
  An alligator zombie (Crypt:3)
  A hippogriff (shapeshifter) (Depths:3)
  106 slime creatures
  A shapeshifter (Vaults:4)
  4 ynoxinuls
  9 hippogriffs
  2 ettin zombies
  2 ice dragon skeletons
  40 flying skulls
  4 shadows
  2 air elementals
  7 spriggans
  13 wraiths
  5 vampires
  2 tarantellas
  A centaur simulacrum (D:14)
  2 yaks (shapeshifter)
  17 fire bats
  A human (shapeshifter) (Vaults:5)
  7 redbacks
  9 water elementals
  A black mamba skeleton (Crypt:2)
  A hog (shapeshifter) (D:14)
  59 yaks
  14 wyverns
  A golden eye (shapeshifter) (Vaults:2)
  12 golden eyes
  A steam dragon (D:7)
  A basilisk (shapeshifter) (Vaults:4)
  2 basilisks
  7 fire elementals
  16 vampire mosquitoes
  11 neqoxecs
  2 hungry ghosts
  5 chaos spawn
  16 wargs
  15 swamp worms
  A yaktaur simulacrum (Vaults:3)
  51 nagas
  6 insubstantial wisps
  32 water moccasins
  2 acid dragons
  13 hell hounds (Lair:6)
  2 soldier ants
  21 small abominations
  6 porcupines
  A snapping turtle zombie (Crypt:2)
  2 floating eyes
  2 hornet zombies
  35 orc warriors
  12 swamp drakes
  12 black bears
  4 sky beasts
  An eye of draining (shapeshifter) (Vaults:4)
  3 phantoms
  2 slaves (D:7)
  13 boggarts
  14 ice beasts
  9 eyes of draining
  7 necrophages
  30 wolves
  An ogre (shapeshifter) (D:14)
  A snapping turtle skeleton (Crypt:3)
  20 ogres
  18 centaurs
  3 elf zombies (Elf:1)
  Blork the orc (D:4)
  13 crocodiles
  3 big kobolds
  14 bullfrogs
  3 human zombies
  An elf skeleton (Crypt:1)
  A hippogriff skeleton (Crypt:1)
  A draconian skeleton (Crypt:2)
  3 earth elementals
  3 wyvern skeletons
  5 scorpions
  24 killer bees
  2 spriggan skeletons (D:13)
  2 electric eels (Snake:1)
  3 wights (D:6)
  2 howler monkeys (D:7)
  A bullfrog zombie (D:5)
  6 crimson imps
  A human simulacrum (Vaults:1)
  6 lava snakes (Volcano)
  35 orc priests
  10 hounds
  49 orc wizards
  4 quasits
  A wyvern simulacrum (D:14)
  Crazy Yiuf (D:2)
  6 jellies
  5 iguanas
  4 iron imps
  5 bullfrog skeletons
  A demonspawn skeleton (Crypt:1)
  Terence (D:3)
  A porcupine zombie (Crypt:2)
  6 worker ants
  7 lightning spires
  A troll simulacrum (Crypt:2)
  An ogre zombie (Crypt:2)
  A naga skeleton (Crypt:2)
  Robin (D:3)
  A howler monkey skeleton (D:9)
  30 adders
  7 shadow imps
  9 white imps
  4 ufetubi
  2 oozes (Lair:5)
  3 adder zombies
  6 worms
  A barachi skeleton (Crypt:1)
  2 dart slugs
  90 orcs
  7 giant cockroaches
  A goblin (shapeshifter) (Vaults:5)
  17 goblins
  7 hobgoblins
  A hobgoblin (shapeshifter) (Vaults:5)
  7 jackals
  28 kobolds
  4 quokkas
  2 ball pythons
  A bat (shapeshifter) (Vaults:5)
  5 bats
  2 frilled lizards (D:2)
  A giant cockroach zombie (Crypt:1)
  A quokka skeleton (D:9)
  A quokka zombie (D:5)
  8 rats
  A rat skeleton (Crypt:2)
  5 crawling corpses
  A lurking horror (Abyss:4)
  A plant (Snake:1)
  11 starspawn tentacles
3069 creatures vanquished.

Vanquished Creatures (collateral kills)
  A raiju (Lair:6)
  A black bear (Lair:6)
2 creatures vanquished.

Vanquished Creatures (others)
  2 draconian knights (Zot:3)
  A naga ritualist (Snake:4)
  A wizard (D:14)
  A deep elf mage (Vaults:3)
  An orange demon (Depths:1)
  A spiny frog (Swamp:1)
  A smoke demon (Zig:2)
  A polar bear (IceCv)
  7 yaks (IceCv)
  A human (D:12)
  An orc warrior (Orc:1)
  An ogre (Depths:2)
  A wolf (IceCv)
  A big kobold (D:14)
  A small abomination (Abyss:3)
  A wight (Abyss:3)
  A ball lightning (Zot:3)
  An orc (Orc:1)
  A kobold (D:14)
  A fire vortex (Lair:1)
  17 fungi
  2 lurking horrors
  30 plants
  2 spectral weapons
  21 starspawn tentacles
  A withered plant (D:15)
100 creatures vanquished.

Grand Total: 3171 creatures vanquished

Notes
Turn   | Place    | Note
-------+----------+-------------------------------------------
     0 | D:1      | Amplified the Minotaur Earth Elementalist began the quest
                  | for the Orb.
     0 | D:1      | Reached XP level 1. HP: 14/14 MP: 1/1
   137 | D:1      | Reached skill level 1 in Fighting
   171 | D:1      | Reached XP level 2. HP: 19/23 MP: 3/3
   260 | D:1      | Reached skill level 1 in Armour
   298 | D:1      | Reached skill level 1 in Maces & Flails
   859 | D:2      | Learned a level 2 spell: Passwall
   898 | D:2      | Found a stormy altar of Qazlal.
   912 | D:2      | Became a worshipper of Qazlal Stormbringer
   929 | D:2      | Reached XP level 3. HP: 28/28 MP: 4/4
  1249 | D:2      | Found a glowing golden altar of the Shining One.
  1296 | D:2      | Reached XP level 4. HP: 14/36 MP: 1/5
  1609 | D:2      | Reached skill level 1 in Invocations
  1894 | D:2      | Found a blossoming altar of Fedhas.
  1897 | D:2      | Found a snail-covered altar of Cheibriados.
  1911 | D:2      | Found a white marble altar of Elyvilon.
  1914 | D:2      | Found an iron altar of Okawaru.
  2239 | D:2      | Reached XP level 5. HP: 39/42 MP: 6/6
  2252 | D:2      | Found a runed translucent door.
  2253 | D:2      | Noticed Crazy Yiuf
  2628 | D:3      | Noticed Terence
  2640 | D:3      | Killed Terence
  2692 | D:3      | Noticed Robin
  2706 | D:3      | Reached * piety under Qazlal
  2717 | D:3      | Killed Robin
  2847 | D:3      | Noticed Grinder
  2851 | D:3      | You fall into a shaft and drop 3 floors!
  2851 | D:6      | Found a burning altar of Makhleb.
  2859 | D:6      | Reached XP level 6. HP: 35/51 MP: 7/7
  2984 | D:6      | Noticed an orc warrior
  3016 | D:6      | Noticed an ice beast
  3021 | D:5      | Entered Level 5 of the Dungeon
  3178 | D:5      | Noticed a sky beast
  3190 | D:5      | Killed a sky beast
  3584 | D:4      | Reached XP level 7. HP: 28/60 MP: 8/8
  3643 | D:4      | Found a shadowy altar of Dithmenos.
  3830 | D:3      | Killed Grinder
  3830 | D:3      | Reached skill level 1 in Axes
  3918 | D:3      | Found a shimmering altar of Xom.
  4178 | D:2      | Killed Crazy Yiuf
  4499 | D:3      | Reached skill level 5 in Fighting
  4648 | D:4      | Reached ** piety under Qazlal
  4756 | D:4      | Noticed a moth of wrath
  4760 | D:4      | Found a bloodstained altar of Trog.
  4851 | D:4      | Noticed Blork the orc
  4859 | D:4      | Killed Blork the orc
  4859 | D:4      | Reached XP level 8. HP: 55/68 MP: 10/10
  5120 | D:5      | Reached skill level 1 in Shields
  5546 | D:6      | Reached skill level 5 in Invocations
  5795 | D:6      | Reached skill level 5 in Axes
  6093 | D:7      | Found a staircase to the Ecumenical Temple.
  6160 | D:7      | Reached *** piety under Qazlal
  6160 | D:7      | Reached XP level 9. HP: 69/78 MP: 12/12
  6424 | D:7      | Noticed Pikel
  6435 | D:7      | Killed Pikel
  6435 | D:7      | Reached skill level 5 in Shields
  6441 | D:7      | Noticed Joseph
  6451 | D:7      | Killed Joseph
  7012 | D:7      | Found a burning altar of Makhleb.
  7203 | D:8      | Noticed Erica
  7225 | D:8      | Killed Erica
  7225 | D:8      | Reached XP level 10. HP: 57/90 MP: 14/14
  7680 | D:9      | Reached **** piety under Qazlal
  7730 | D:9      | Reached skill level 5 in Dodging
  7740 | D:9      | Found a glowing silver altar of Zin.
  7939 | D:9      | Found a staircase to the Lair.
  7993 | D:9      | Found a sacrificial altar of Ru.
  8047 | D:9      | Noticed a skeletal warrior
  8050 | D:9      | Noticed a death knight
  8328 | D:9      | Reached skill level 5 in Armour
  8453 | D:10     | Entered Level 10 of the Dungeon
  8728 | D:10     | Noticed a gargoyle
  8737 | D:10     | Killed a gargoyle
  8737 | D:10     | Reached XP level 11. HP: 84/99 MP: 16/16
  9065 | D:10     | Noticed a two-headed ogre
  9072 | D:10     | Killed a two-headed ogre
  9072 | D:10     | Reached skill level 10 in Fighting
  9123 | D:10     | Found a staircase to the Orcish Mines.
  9246 | D:10     | Noticed an ice dragon
  9261 | D:10     | Killed an ice dragon
  9520 | D:11     | Reached ***** piety under Qazlal
  9819 | D:11     | Noticed a red ugly thing
  9822 | D:11     | Found a portal to a secret trove of treasure.
  9828 | D:11     | Killed a red ugly thing
  9863 | D:11     | Noticed a two-headed ogre
  9875 | D:11     | Noticed a two-headed ogre
  9878 | D:11     | Killed a two-headed ogre
  9878 | D:11     | Reached skill level 5 in Maces & Flails
  9886 | D:11     | Killed a two-headed ogre
  9942 | D:11     | Noticed a green ugly thing
  9953 | D:11     | Killed a green ugly thing
 10148 | D:11     | Found Kesihaon's Gadget Boutique.
 10436 | D:11     | Reached XP level 12. HP: 98/110 MP: 16/18
 11405 | D:12     | Noticed Nergalle
 11415 | D:12     | Killed Nergalle
 11444 | D:12     | Noticed Snorg
 11454 | D:12     | Killed Snorg
 11468 | D:12     | Reached skill level 10 in Invocations
 11502 | D:12     | Found a blossoming altar of Fedhas.
 11529 | D:12     | Noticed Kirke
 11540 | D:12     | Killed Kirke
 11951 | D:12     | Noticed a two-headed ogre
 11957 | D:12     | Killed a two-headed ogre
 12628 | D:9      | Killed a death knight
 12628 | D:9      | Reached XP level 13. HP: 117/118 MP: 19/19
 12695 | Lair:1   | Entered Level 1 of the Lair of Beasts
 12831 | Lair:1   | Reached skill level 10 in Armour
 13077 | Lair:1   | Found a frozen archway.
 13087 | Lair:1   | Reached ****** piety under Qazlal
 13116 | IceCv    | Entered an ice cave
 13319 | IceCv    | Got a smoking robe
 13380 | IceCv    | Reached skill level 10 in Dodging
 13627 | IceCv    | Noticed a frost giant
 13647 | IceCv    | Killed a frost giant
 14401 | Lair:1   | Identified the +0 robe "Dechoboa" {rN+} (You found it in an
                  | ice cave)
 14683 | Lair:2   | Reached skill level 10 in Maces & Flails
 14906 | Lair:2   | Reached XP level 14. HP: 65/129 MP: 21/21
 14932 | Lair:2   | Got an iridescent flail
 14933 | Lair:2   | Identified the +4 flail "Weacu" {freeze, +Inv rF+ MR+
                  | Str+3} (You found it on level 2 of the Lair of Beasts)
 15259 | Lair:2   | Found a staircase to the Snake Pit.
 15493 | Lair:2   | Identified a scroll of acquirement
 16784 | Lair:4   | Found a staircase to the Swamp.
 17450 | Lair:5   | Found a staircase to the Slime Pits.
 17894 | Lair:6   | Entered Level 6 of the Lair of Beasts
 18349 | Lair:6   | Noticed Urug
 18357 | Lair:6   | Killed Urug
 18595 | Lair:6   | Reached XP level 15. HP: 112/139 MP: 23/23
 19407 | Lair:6   | Learned a level 6 spell: Simulacrum
 19638 | Orc:1    | Entered Level 1 of the Orcish Mines
 19781 | Orc:2    | Entered Level 2 of the Orcish Mines
 19831 | Orc:2    | Found a staircase to the Elven Halls.
 19834 | Orc:2    | Found Tyos's Antique Weapon Shoppe.
 19834 | Orc:2    | Found Oryi's General Store.
 19843 | Orc:2    | Reached skill level 1 in Necromancy
 19863 | Orc:2    | Found Danehap's Distillery.
 19863 | Orc:2    | Found Ivah's Book Emporium.
 20037 | Orc:2    | Found Susunec's Distillery.
 20081 | Orc:2    | Found a dark tunnel.
 20089 | Volcano  | Entered a volcano
 20263 | Volcano  | Found a bloodstained altar of Trog.
 20268 | Volcano  | Reached skill level 15 in Fighting
 20547 | Orc:2    | Bought a potion of haste for 120 gold pieces
 20547 | Orc:2    | Bought a potion of curing for 36 gold pieces
 20547 | Orc:2    | Bought 2 potions of curing for 72 gold pieces
 20547 | Orc:2    | Bought a potion of curing for 36 gold pieces
 20547 | Orc:2    | Bought a potion of heal wounds for 60 gold pieces
 20547 | Orc:2    | Bought a potion of curing for 36 gold pieces
 20547 | Orc:2    | Bought a potion of might for 48 gold pieces
 20549 | Orc:2    | Bought a potion of might for 56 gold pieces
 20549 | Orc:2    | Bought a potion of might for 56 gold pieces
 20661 | Orc:2    | Bought a potion of curing for 48 gold pieces
 20661 | Orc:2    | Bought 2 potions of mutation for 256 gold pieces
 20661 | Orc:2    | Bought a potion of invisibility for 128 gold pieces
 20661 | Orc:2    | Bought a potion of might for 64 gold pieces
 20661 | Orc:2    | Bought a potion of might for 64 gold pieces
 21254 | Orc:1    | Noticed Maurice
 21281 | Orc:1    | Killed Maurice
 21325 | Orc:1    | Found a runed translucent gate.
 21326 | Orc:1    | Found a runed translucent gate.
 21328 | Orc:1    | Found a runed translucent gate.
 21398 | Orc:1    | Noticed Alanuph's ghost (journeyman MfTm)
 21401 | Orc:1    | Identified the ring "Qetuo" {rElec rF+ Str+5 SInv Stlth-}
 21401 | Orc:1    | Found a roughly hewn altar of Beogh.
 21517 | Orc:1    | Killed Alanuph's ghost
 22592 | D:14     | Found an iron altar of Okawaru.
 22669 | D:14     | Reached XP level 16. HP: 42/149 MP: 24/24
 22869 | D:14     | Found a gate to the Vaults.
 22911 | D:14     | Learned a level 3 spell: Regeneration
 23160 | D:14     | Noticed Frances
 23166 | D:14     | Killed Frances
 23381 | D:15     | Entered Level 15 of the Dungeon
 23635 | D:15     | Found a staircase to the Depths.
 23749 | D:15     | Noticed Josephine
 23760 | D:15     | Killed Josephine
 24800 | Elf:1    | Entered Level 1 of the Elven Halls
 24836 | Elf:1    | Gained mutation: Your spells are a little easier to cast,
                  | but a little less powerful. [a neqoxec]
 25228 | Elf:1    | Noticed a storm dragon
 25239 | Elf:1    | Killed a storm dragon
 25335 | Elf:1    | Reached skill level 5 in Necromancy
 25392 | Elf:1    | Cast into level 3 of the Abyss (a deep elf sorcerer)
 25462 | Abyss:3  | Found a corrupted altar of Lugonu.
 25508 | Abyss:3  | Noticed a lich
 25526 | Abyss:3  | Killed a lich
 25526 | Abyss:3  | Reached XP level 17. HP: 155/159 MP: 26/26
 25546 | Abyss:3  | Reached skill level 15 in Armour
 25609 | Elf:1    | Escaped the Abyss
 26123 | Elf:1    | Identified the Catalogue of Black Magic
 26134 | Elf:1    | Noticed Louise
 26150 | Elf:1    | Killed Louise
 26308 | Elf:2    | Identified Roxanne's Reference Book on Clay
 26308 | Elf:2    | Noticed Roxanne
 26630 | Snake:1  | Entered Level 1 of the Snake Pit
 28565 | Snake:2  | Found Penteho's Jewellery Emporium.
 28565 | Snake:2  | Found Vaewas's Gadget Boutique.
 28566 | Snake:2  | Found Nuplotut's Jewellery Emporium.
 28848 | Swamp:1  | Entered Level 1 of the Swamp
 30550 | Swamp:3  | Reached skill level 15 in Dodging
 30592 | Swamp:3  | Reached XP level 18. HP: 92/170 MP: 28/28
 31448 | Swamp:3  | Noticed a tentacled monstrosity
 31474 | Swamp:3  | Killed a tentacled monstrosity
 31474 | Swamp:3  | Reached skill level 15 in Invocations
 31955 | Swamp:4  | Entered Level 4 of the Swamp
 32402 | Swamp:4  | Got a decaying rune of Zot
 34761 | Snake:4  | Entered Level 4 of the Snake Pit
 34764 | Snake:4  | Noticed Saint Roka
 34967 | Snake:4  | Killed Saint Roka
 35229 | Snake:4  | Found a sparkling altar of Nemelex Xobeh.
 35261 | Snake:4  | Reached XP level 19. HP: 169/179 MP: 29/29
 35326 | Snake:4  | Noticed Bai Suzhen
 35358 | Snake:4  | Killed Bai Suzhen
 36419 | Snake:4  | Got a serpentine rune of Zot
 37347 | Vaults:1 | Entered Level 1 of the Vaults
 37429 | Vaults:1 | Found Gaowke Fika's Food Emporium.
 38451 | Vaults:2 | Reached XP level 20. HP: 183/191 MP: 29/31
 38891 | Vaults:2 | Noticed Aizul
 38914 | Vaults:2 | Killed Aizul
 38936 | Vaults:2 | Noticed Asterion
 38990 | Vaults:2 | Killed Asterion
 40203 | Vaults:2 | Found a staircase to the Crypt.
 40542 | Vaults:3 | Reached skill level 10 in Necromancy
 41435 | Vaults:3 | Found Joledd's Book Shop.
 41593 | Vaults:4 | Reached XP level 21. HP: 166/200 MP: 28/32
 42110 | Vaults:4 | Found Darghulu's Antique Armour Shoppe.
 43617 | Snake:2  | Bought the ring of Dimarchem {*Slow +Fly rF+ MR+ Slay+3}
                  | for 794 gold pieces
 44158 | Elf:2    | Found a huge runed translucent gate.
 44158 | Elf:2    | Found a huge runed translucent gate.
 44159 | Elf:2    | Found a huge runed translucent gate.
 44160 | Elf:2    | Found a huge runed translucent gate.
 44162 | Elf:2    | Found a huge runed translucent gate.
 44481 | Elf:3    | Entered Level 3 of the Elven Halls
 44900 | Elf:3    | Cast into level 2 of the Abyss (a deep elf sorcerer)
 44904 | Abyss:2  | Found a corrupted altar of Lugonu.
 45268 | Abyss:3  | Paralysed by accursed screaming for 1 turns
 45278 | Abyss:3  | Paralysed by accursed screaming for 1 turns
 45290 | Abyss:3  | Paralysed by accursed screaming for 1 turns
 45509 | Abyss:3  | Gained mutation: You are frail. (-10% HP) [a neqoxec]
 45546 | Elf:3    | Escaped the Abyss
 45548 | Elf:3    | Found a flickering gateway to a bazaar.
 45552 | Bazaar   | Entered a bazaar
 45552 | Bazaar   | Found Bomp's Antique Armour Shoppe.
 45552 | Bazaar   | Found Erilan's Weapon Emporium.
 46121 | Bazaar   | Found Zulaot Soler's Antique Weapon Shoppe.
 46135 | Bazaar   | Found Iseos's Assorted Antiques.
 46143 | Bazaar   | Bought a scroll of fog for 48 gold pieces
 46143 | Bazaar   | Bought a scroll of teleportation for 72 gold pieces
 46143 | Bazaar   | Bought a scroll of identify for 48 gold pieces
 46153 | Bazaar   | Bought a pair of dazzling boots for 275 gold pieces
 46153 | Bazaar   | Bought an encrusted scale mail for 261 gold pieces
 46153 | Bazaar   | Bought a runed buckler for 217 gold pieces
 46153 | Bazaar   | Identified the +1 pair of boots "Uloipaar" {Int+4} (You
                  | bought it in a shop in a bazaar)
 46174 | Bazaar   | Identified the +7 scale mail of the Equator {MR++} (You
                  | bought it in a shop in a bazaar)
 46204 | Bazaar   | Bought a phantom mirror for 720 gold pieces
 46277 | Elf:3    | Reached XP level 22. HP: 154/189 MP: 33/33
 46965 | Elf:3    | Identified the Disquisition on Lucky Flight
 46978 | Elf:3    | Learned a level 3 spell: Spectral Weapon
 46998 | Elf:3    | Identified the +2 ring mail of the Guilds {+Inv Dex+3} (You
                  | found it on level 3 of the Elven Halls)
 47001 | Elf:3    | Identified the Volume of Conjuration and Fire
 47745 | Depths:1 | Entered Level 1 of the Depths
 47762 | Depths:1 | Found a gateway to Hell.
 48075 | Depths:1 | Found Uddag's Assorted Antiques.
 48075 | Depths:1 | Found Gerot's General Store.
 48077 | Depths:1 | Found Febb's Jewellery Shoppe.
 48080 | Depths:1 | Found Saunil's Gadget Emporium.
 48094 | Depths:1 | Bought a potion of heal wounds for 170 gold pieces
 48097 | Depths:1 | Bought the amulet of the Gloaming {RegenMP Dex+4 Slay+6}
                  | for 1482 gold pieces
 48209 | Depths:1 | Noticed Sojobo
 48232 | Depths:1 | Killed Sojobo
 48317 | Depths:1 | Found Caos's Magic Scroll Emporium.
 48378 | Depths:1 | Found a sparkling altar of Nemelex Xobeh.
 49012 | Depths:2 | Identified Nixzoef's Reference Book on Virous Good Luck
 49136 | Depths:2 | Gained mutation: Scrolls take you a little longer to read.
                  | [a shining eye]
 50188 | Depths:3 | Reached XP level 23. HP: 187/198 MP: 35/35
 50206 | Depths:3 | Found a one-way gate leading to the halls of Pandemonium.
 51012 | Depths:3 | Found a gateway to a ziggurat.
 51581 | Depths:3 | Noticed an ancient lich
 51604 | Depths:3 | Killed an ancient lich
 51668 | Depths:3 | Identified Papyst's Almanac of Sinister Rituals
 52228 | Depths:4 | Found a one-way gate to the infinite horrors of the Abyss.
 52278 | Depths:4 | Noticed an ancient lich
 52330 | Depths:4 | Killed an ancient lich
 52686 | Depths:4 | Identified Kikubaaqudgha's Catalogue of Black Arts
 52900 | Depths:5 | Entered Level 5 of the Depths
 53119 | Depths:5 | Reached XP level 24. HP: 108/208 MP: 35/35
 53372 | Depths:5 | Found a gate to the Realm of Zot.
 53589 | Depths:5 | Found a shattered altar of Ashenzari.
 53907 | Depths:5 | Found a glowing golden altar of the Shining One.
 54420 | Depths:5 | Got a jewelled ring mail
 54423 | Depths:5 | Identified the +1 ring mail of Surprise {rPois rF+ Str-2}
                  | (You found it on level 5 of the Depths)
 54678 | D:11     | You paid a toll of 9 potions of haste to enter a treasure
                  | trove
 54679 | Trove    | Entered a treasure trove
 54759 | Trove    | Identified the +0 battleaxe of Currency {protect, rPois
                  | rC+} (You found it in a treasure trove)
 54817 | D:11     | Lost mutation: Scrolls take you a little longer to read.
                  | [potion of mutation]
 54817 | D:11     | Lost mutation: You are frail. (-10% HP) [potion of
                  | mutation]
 54817 | D:11     | Lost mutation: Your spells are a little easier to cast, but
                  | a little less powerful. [potion of mutation]
 54817 | D:11     | Gained mutation: You are agile. (Dex +2) [potion of
                  | mutation]
 54817 | D:11     | Gained mutation: Your muscles are strong. (Str +2) [potion
                  | of mutation]
 54817 | D:11     | Lost mutation: You are agile. (Dex +2) [potion of mutation]
 54817 | D:11     | Gained mutation: You are resistant to hostile enchantments.
                  | (MR+) [potion of mutation]
 55058 | Vaults:4 | Learned a level 5 spell: Dispel Undead
 55064 | Vaults:4 | Learned a level 5 spell: Agony
 55083 | Vaults:5 | Entered Level 5 of the Vaults
 55117 | Vaults:5 | Got a bloodstained ring mail
 55118 | Vaults:5 | Identified the +5 ring mail of Waosusk {rC+ MR+} (You found
                  | it on level 5 of the Vaults)
 55233 | Vaults:5 | Noticed an ancient lich
 55236 | Vaults:5 | Got a silver rune of Zot
 55250 | Vaults:5 | Killed an ancient lich
 55710 | Vaults:5 | Identified the +7 short sword of the Dungeon {freeze,
                  | Dex+2}
 55836 | Vaults:5 | Identified the cursed +1 leather armour of the Dice
                  | {*Corrode +Blink MR+ Str+4}
 56027 | Vaults:5 | Reached XP level 25. HP: 172/243 MP: 36/36
 56042 | Vaults:5 | Identified the +3 plate armour of Inviolability {+Blink
                  | rPois rC++ Int-3}
 56560 | Vaults:5 | Identified the +0 robe "Unen" {rElec rPois Stlth-} (You
                  | found it on level 5 of the Vaults)
 56959 | Depths:1 | Bought the ring "Vezezeof" {Wiz rF+ rN+} for 1012 gold
                  | pieces
 57126 | Zot:1    | Entered Level 1 of the Realm of Zot
 57126 | Zot:1    | Noticed an orb of fire
 57342 | Crypt:1  | Entered Level 1 of the Crypt
 57695 | Slime:1  | Entered Level 1 of the Pits of Slime
 58122 | Slime:2  | Noticed Donald
 58136 | Slime:2  | Killed Donald
 58276 | Slime:4  | Gained mutation: You do not regenerate when monsters are
                  | visible. [a shining eye]
 58278 | Slime:4  | Lost mutation: Your muscles are strong. (Str +2) [a shining
                  | eye]
 58279 | Slime:4  | Gained mutation: You are dopey. (Int -2) [a shining eye]
 58281 | Slime:4  | Gained mutation: Your magical capacity is low. (-10% MP) [a
                  | shining eye]
 58574 | Slime:5  | Entered Level 5 of the Pits of Slime
 58817 | Slime:5  | Gained mutation: Your flesh is heat resistant. (rF+) [a
                  | shining eye]
 58830 | Slime:5  | Noticed the Royal Jelly
 59537 | Slime:5  | Found a viscous altar of Jiyva.
 59556 | Slime:5  | Found the +8 mithril axe "Arga" {speed, MR+}
 59580 | Slime:5  | Killed the Royal Jelly
 59664 | Slime:5  | Got a slimy rune of Zot
 60799 | Depths:2 | Lost mutation: Your magical capacity is low. (-10% MP)
                  | [potion of mutation]
 60799 | Depths:2 | Lost mutation: You are dopey. (Int -2) [potion of mutation]
 60799 | Depths:2 | Lost mutation: You are resistant to hostile enchantments.
                  | (MR+) [potion of mutation]
 60799 | Depths:2 | Lost mutation: Your flesh is heat resistant. (rF+) [potion
                  | of mutation]
 60799 | Depths:2 | Gained mutation: You are surrounded by a mild repulsion
                  | field. (EV +2) [potion of mutation]
 60799 | Depths:2 | Gained mutation: You are agile. (Dex +2) [potion of
                  | mutation]
 60883 | Zig:1    | Entered Level 1 of a ziggurat
 60899 | Zig:2    | Entered Level 2 of a ziggurat
 60899 | Zig:2    | Noticed Lawocah the pandemonium lord
 60921 | Zig:2    | Killed Lawocah the pandemonium lord
 60947 | Zig:2    | Reached XP level 26. HP: 161/252 MP: 36/36
 61121 | Zig:2    | Lost mutation: You do not regenerate when monsters are
                  | visible. [potion of mutation]
 61121 | Zig:2    | Gained mutation: Your spells are a little harder to cast,
                  | but a little more powerful. [potion of mutation]
 61121 | Zig:2    | Lost mutation: You are surrounded by a mild repulsion
                  | field. (EV +2) [potion of mutation]
 61121 | Zig:2    | Gained mutation: Your body sometimes deteriorates upon
                  | taking damage. [potion of mutation]
 61121 | Zig:2    | Gained mutation: Your flesh is cold resistant. (rC+)
                  | [potion of mutation]
 61123 | Zig:3    | Entered Level 3 of a ziggurat
 61157 | Zig:4    | Entered Level 4 of a ziggurat
 61351 | Zig:5    | Entered Level 5 of a ziggurat
 61435 | Zig:6    | Entered Level 6 of a ziggurat
 61476 | Zig:7    | Entered Level 7 of a ziggurat
 61658 | Zig:8    | Entered Level 8 of a ziggurat
 61673 | Zig:8    | Reached XP level 27. HP: 239/259 MP: 32/36
 61678 | Zig:8    | Identified Geumitel's Catalogue of Boosts and Contamination
 61713 | Zig:9    | Entered Level 9 of a ziggurat
 61722 | Zig:9    | Noticed Ulephobuk the pandemonium lord
 61817 | Depths:4 | Voluntarily entered the Abyss.
 61841 | Abyss:1  | Noticed an ancient lich
 61842 | Abyss:1  | Got a twisted robe
 61843 | Abyss:1  | Identified the +4 robe "Ato Itep" {Regen+} (You found it on
                  | level 1 of the Abyss)
 61866 | Abyss:1  | Killed an ancient lich
 62004 | Depths:4 | Escaped the Abyss
 62068 | Zot:1    | Gained mutation: You are weak. (Str -2) [an orb of fire]
 62079 | Zot:1    | Killed an orb of fire
 64291 | Crypt:2  | Noticed Frederick
 64309 | Crypt:2  | Killed Frederick
 64313 | Crypt:2  | Reached skill level 15 in Necromancy
 64485 | Crypt:3  | Entered Level 3 of the Crypt
 65285 | Crypt:3  | Noticed an ancient lich
 65305 | Crypt:3  | Killed an ancient lich
 65460 | Crypt:3  | Found a basalt altar of Yredelemnul.
 65497 | Crypt:3  | Found the +8 demon blade "Bloodbane" {slice, *Rage +Rage
                  | Stlth-}
 65498 | Crypt:3  | Identified Rawapsu's Compendium of Toxic Feathers
 65709 | Crypt:3  | Found a staircase to the Tomb.
 66832 | Crypt:2  | Paralysed by a floating eye for 3 turns
 66841 | Crypt:2  | Found an ancient bone altar of Kikubaaqudgha.
 67080 | Depths:1 | Bought a scroll of teleportation for 42 gold pieces
 67080 | Depths:1 | Bought a scroll of fear for 49 gold pieces
 67080 | Depths:1 | Bought 3 scrolls of magic mapping for 147 gold pieces
 67080 | Depths:1 | Bought a scroll of acquirement for 728 gold pieces
 67083 | Depths:1 | Got a pair of slimy boots
 67084 | Depths:1 | Identified the +0 pair of boots of Duty {*Drain rPois
                  | Regen+ Str+3} (You acquired it on level 1 of the Depths)
 67188 | Depths:3 | Learned a level 5 spell: Borgnjor's Vile Clutch
 68062 | Zot:2    | Reached skill level 27 in Fighting
 68569 | Zot:2    | Found a runed translucent door.
 68572 | Zot:2    | Noticed Voapiu's ghost (legendary TrBe)
 68711 | Zot:2    | Killed Voapiu's ghost
 69632 | Zot:3    | Found a transporter.
 69841 | Zot:3    | Found a transporter.
 69883 | Zot:3    | Found the ring of Phasing {EV+8}
 70366 | Zot:3    | Gained mutation: You tend to lose your temper in combat.
                  | [the power of Zot]
 70366 | Zot:3    | Gained mutation: Your magical capacity is low. (-10% MP)
                  | [the power of Zot]
 70370 | Zot:3    | Cast into level 5 of the Abyss (the power of Zot)
 70370 | Abyss:5  | Entered Level 5 of the Abyss
 70504 | Zot:3    | Escaped the Abyss
 70551 | Zot:3    | Got a smoking marble ring
 70560 | Zot:3    | Identified the ring "Eqilao" {rF+ SInv} (You found it on
                  | level 3 of the Realm of Zot)
 70561 | Zot:3    | Identified the +2 quick blade of Governance {pain, rPois}
                  | (You found it on level 3 of the Realm of Zot)
 70568 | Zot:3    | Got a smoking lead ring
 70569 | Zot:3    | Identified the cursed ring "Puip" {rC- Str-2 Int+7} (You
                  | found it on level 3 of the Realm of Zot)
 70574 | Zot:3    | Got a flickering lead ring
 70575 | Zot:3    | Identified the ring "Jututhy" {Ice *Corrode rElec rN++}
                  | (You found it on level 3 of the Realm of Zot)
 70578 | Zot:3    | Identified the +0 leather armour of the Demon Prince {rCorr
                  | Str+4 Int-4} (You found it on level 3 of the Realm of Zot)
 70732 | Zot:4    | Reached skill level 27 in Armour
 70955 | Zot:4    | Reached skill level 1 in Charms
 70976 | Zot:4    | Reached skill level 1 in Hexes
 72083 | Zot:5    | Entered Level 5 of the Realm of Zot
 72815 | Depths:4 | Voluntarily entered the Abyss.
 72816 | Abyss:1  | Found a corrupted altar of Lugonu.
 73055 | Abyss:1  | Found an opulent altar of Gozag.
 73518 | Abyss:3  | Gained mutation: Scrolls take you a little longer to read.
                  | [a neqoxec]
 73590 | Abyss:3  | Noticed an ancient lich
 73670 | Abyss:4  | Reached skill level 5 in Spellcasting
 73857 | Abyss:4  | Reached skill level 5 in Hexes
 73857 | Abyss:4  | Reached skill level 5 in Charms
 73983 | Abyss:5  | Entered Level 5 of the Abyss
 74002 | Abyss:5  | Got an abyssal rune of Zot
 74008 | Depths:4 | Escaped the Abyss
 74014 | Depths:4 | Lost mutation: Your spells are a little harder to cast, but
                  | a little more powerful. [potion of mutation]
 74014 | Depths:4 | Lost mutation: You are weak. (Str -2) [potion of mutation]
 74014 | Depths:4 | Lost mutation: Scrolls take you a little longer to read.
                  | [potion of mutation]
 74014 | Depths:4 | Gained mutation: You are resistant to hostile enchantments.
                  | (MR+) [potion of mutation]
 74014 | Depths:4 | Gained mutation: Potions are less effective at restoring
                  | your health. [potion of mutation]
 74014 | Depths:4 | Gained mutation: You are dopey. (Int -2) [potion of
                  | mutation]
 74014 | Depths:4 | Gained mutation: Your flesh is very cold resistant. (rC++)
                  | [potion of mutation]
 74015 | Depths:4 | Lost mutation: Your magical capacity is low. (-10% MP)
                  | [potion of mutation]
 74015 | Depths:4 | Lost mutation: You tend to lose your temper in combat.
                  | [potion of mutation]
 74015 | Depths:4 | Lost mutation: Potions are less effective at restoring your
                  | health. [potion of mutation]
 74015 | Depths:4 | Gained mutation: You are robust. (+10% HP) [potion of
                  | mutation]
 74015 | Depths:4 | Gained mutation: You are partially covered in large bone
                  | plates. (SH +4) [potion of mutation]
 74416 | Zot:5    | Noticed an orb of fire
 74422 | Zot:5    | Gained mutation: Scrolls take you a little longer to read.
                  | [an orb of fire]
 74424 | Zot:5    | Gained mutation: You do not regenerate when monsters are
                  | visible. [an orb of fire]
 74429 | Zot:5    | Killed an orb of fire
 74429 | Zot:5    | Noticed an orb of fire
 74447 | Zot:5    | Killed an orb of fire
 74447 | Zot:5    | Noticed an orb of fire
 74466 | Zot:5    | Gained mutation: You are very dopey. (Int -4) [an orb of
                  | fire]
 74478 | Zot:5    | Killed an orb of fire
 74479 | Zot:5    | Noticed an ancient lich
 74490 | Zot:5    | Killed an ancient lich
 74523 | Zot:5    | Noticed an ancient lich
 74523 | Zot:5    | Noticed an ancient lich
 74524 | Zot:5    | Paralysed by an ancient lich for 7 turns
 74528 | Zot:5    | Noticed an ancient lich
 74538 | Zot:5    | Paralysed by an ancient lich for 5 turns
 74552 | Zot:5    | Killed an ancient lich
 74560 | Zot:5    | Killed an ancient lich
 74566 | Zot:5    | Killed an ancient lich
 74590 | Zot:5    | Noticed an ancient lich
 74597 | Zot:5    | Killed an ancient lich
 75352 | Zot:5    | Got the Orb of Zot
 75592 | Depths:2 | Noticed Bosoupt the pandemonium lord
 75664 | Depths:1 | HP: 12/300 [Hell Sentinel/damnation (56)]
 75664 | Depths:1 | Mangled by a reaper

Levels and vault maps discovered:
D:1:      dpeg_arrival_three_smaller_balls, layout_basic
D:2:      layout_loops_ring, lemuel_round_altar, tso_oasis_becter,
          grunt_temple_overflow_cloverleaf, first_ration,
          kennysheep_generic_room_14, uniq_crazy_yiuf_cottage
D:3:      layout_loops_ring, grunt_ministairs_11, minivault_5, xom_teletrap_fun,
          uniq_grinder, uniq_robin, uniq_terence
D:4:      layout_rooms, tgw_trog, serial_glass, glass_columns_b,
          glass_columns_a, nicolae_dithmenos_the_darkroom, uniq_blork_the_orc
D:5:      layout_rooms
D:6:      layout_loops_ring, makhleb_heckhound_becter
D:7:      layout_basic, nicolae_overflow_crystal_walls,
          minmay_temple_entry_arrows, uniq_pikel, uniq_joseph
D:8:      layout_basic, uniq_erica
D:9:      layout_small_grid, kennysheep_little_box, marbit_many_paths,
          grunt_lair_entry_orc_guard_hut
D:10:     dragon1_lemuel, layout_basic, orc_0_dummy, david_nohive_1
D:11:     lemuel_reptile_caves, layout_loops_corners, serial_shops,
          kennysheep_mini_moat, nicolae_trove_entry_free_sample
D:12:     layout_irregular_city, basic_altar, uniq_snorg, uniq_nergalle,
          uniq_kirke
D:13:     layout_basic, minmay_holes, hangedman_tell_no_tales
D:14:     layout_roguey, david_vaults_4, basic_altar, kennysheep_generic_room_9,
          uniq_frances
D:15:     gammafunk_depths_entry_grave, layout_irregular_city,
          patterned_corridor, uniq_josephine
Lair:1:   cheibrodos_lair_river_kwai, layout_gridlike,
          portal_ice_cave_entry_ice_beasts, st_stairs_8, beast_lair_carwin_5,
          lemuel_fruit_tree
Lair:2:   layout_long_grid, minmay_snake_entry_guardpost_large,
          hibernation_bobbens
Lair:3:   layout_roguey
Lair:4:   layout_regular_city, minmay_swamp_entry_worms, bobbens_ice_dragon_lair
Lair:5:   layout_regular_city, nicolae_slime_entry_slimehenge
Lair:6:   hangedman_lair_tendril_chambers, layout_cave_pods,
          hangedman_lair_caniforms_friends, uniq_urug
Swamp:1:  layout_falls_marsh, evilmike_swamp_ruin_rubble_2, swamp_pool1,
          st_swamp_ruins_3
Swamp:2:  layout_falls_marsh, evilmike_swamp_ruin_house_5
Swamp:3:  cheibrodos_swamp_monstrosity, layout_falls_marsh,
          infiniplex_staircase_pool, swamp_pool4
Swamp:4:  swamp_basic_johnstein, layout_basic_swamp
Snake:1:  layout_layer_cave, serial_bayou_shore_a
Snake:2:  layout_rooms, grunt_ministairs_3, minmay_shop_grove
Snake:3:  layout_onion_interference, st_stairs_13
Snake:4:  snake_pit, layout_cave_pods, basic_altar, uniq_bai_suzhen,
          uniq_saint_roka
Slime:1:  layout_caves
Slime:2:  layout_caves, uniq_donald
Slime:3:  layout_caves
Slime:4:  layout_caves
Slime:5
Orc:1:    layout_caves, biasface_ghost_orc_armoury, uniq_maurice
Orc:2:    st_orc_mages, layout_caves, enter_volcano_2, serial_shops, shop
Elf:1:    minmay_elf_arrival_summoners, layout_gridlike, minmay_elf_necromancy,
          uniq_louise
Elf:2:    layout_gridlike, library_closet, st_stairs_3, uniq_roxanne
Elf:3:    minmay_elf_hall, layout_onion_city, serial_shops, bzr_entry_gold
Vaults:1: vaults_room_corners, ontoclasm_vaults_ring_small, dpeg_vaults_waves,
          vaults_dpeg_diagonal, hangedman_vaults_impose, v_pattern_2, v_rooms_4,
          v_misc_19, nicolae_vaults_sealed_display, ontoclasm_vaults_twist,
          v_misc_29, layout_vaults_omnibox, serial_shops, shop
Vaults:2: v_misc_28, v_rooms_5, hangedman_vaults_unwind, ontoclasm_vaults_idyll,
          minmay_crypt_entry_vampire_xt, vaults_room_pools, grunt_vaults_twisty,
          v_rooms_3, vaults_mumra_hexcomb, nicolae_vaults_little_squares_4,
          layout_vaults_omnicross, uniq_asterion, uniq_aizul
Vaults:3: nicolae_vaults_quartermaster, dpeg_vaults_monster_row, v_misc_18,
          nicolae_vaults_little_squares_3, hangedman_vaults_restitches,
          nicolae_vaults_back_hallway, vaults_dpeg_ring,
          hangedman_vaults_capsules, ontoclasm_vaults_fault,
          ontoclasm_vaults_loading_screen, layout_vaults_maze_snakey,
          serial_shops, nicolae_shop_crystal
Vaults:4: v_misc_2, ontoclasm_vaults_decontamination,
          nicolae_vaults_little_squares_6, vaults_room_pool, vaults_mumra_hex,
          ontoclasm_vaults_chip, serial_ice_b, vaults_room_ringed_pool,
          v_misc_11, layout_vaults_quadrants, serial_shops, shop
Vaults:5
Crypt:1:  layout_misc_corridors, glass_columns_a
Crypt:2:  cheibrodos_crypt_eye_of_stone, layout_chaotic_city, minivault_26,
          skrybe_necro_troll_2, uniq_frederick
Crypt:3:  cryptofortress_bobbens
Depths:1: layout_forbidden_donut, chequers_serial_rivers_room_b, hell_entry,
          serial_shops, shop, nemelex_xobeh_ov_fountains_minmay,
          grunt_megastairs_1, minmay_shoptagon, kennysheep_random_hallway,
          uniq_sojobo
Depths:2: minmay_ambush_box, layout_twisted_cross, grunt_metal_band,
          nicolae_benzene_ring, minmay_staircase_statues_hall_large
Depths:3: kennysheep_demon_jail, layout_cave_shapes, enter_ziggurat_b,
          pf_vacation_house_of_asmodeus, special_room [special_room_morgue],
          pan_entry, kennysheep_big_empty_room, roderic_lattice_octagonal_star,
          minmay_staircase_bubble
Depths:4: kennysheep_big_flooded_room, layout_cave_pools,
          hangedman_abyss_entry_splay, special_room [special_room_morgue],
          dk_noncrumbling_2, hell_entry
Depths:5: grunt_zot_entry_gee_three, layout_basic, grunt_hell_entry_dis_old,
          tso_altar, ashenzari_altar_1
Zot:1:    grunt_zot_stairs_faceoff, layout_basic
Zot:2:    layout_twisted_circle, ebering_ghost_inner_flame,
          amethyst_zot_foddershock
Zot:3:    gammafunk_its_a_trap, layout_basic
Zot:4:    layout_basic
Zot:5:    layout_gridlike, hangedman_zot_decor_tridents

Skill      XL: |  1  2  3  4  5  6  7  8  9 10 11 12 13 14 15 16 17 18 19 20 21 22 23 24 25 26 27 |
---------------+----------------------------------------------------------------------------------+-----
Fighting       | 1 2 3 4 5 6 8 9 11 12 13 14 15 16 17 18 19 20 21 22 23 27 | 27.0
Armour         | 1 2 3 5 7 9 11 12 13 14 16 17 18 19 20 21 22 23 27 | 27.0
Maces & Flails | 1 2 3 4 6 8 10 11 12 | 12.0
Invocations    | 1 2 3 4 5 7 8 9 10 11 12 13 14 15 16 17 18 19 20 21 | 21.5
Dodging        | 3 4 6 7 9 10 11 13 14 15 16 17 18 19 20 21 22 | 22.5
Axes           | 3 5 7 8 9 |  9.3
Shields        | 4 6 |  6.7
Necromancy     | 3 5 6 8 9 10 11 12 13 14 15 | 15.1
Charms         | 8 |  8.8
Hexes          | 8 |  8.8
Spellcasting   | 9 |  9.0
Stealth        | |  1.5
Transmutations | |  0.7
Earth Magic    | |  2.4

Action                   |  1- 3 |  4- 6 |  7- 9 | 10-12 | 13-15 | 16-18 | 19-21 | 22-24 | 25-27 || total
-------------------------+-------+-------+-------+-------+-------+-------+-------+-------+-------++-------
Melee: Club              |   109 |     8 |       |       |       |       |       |       |       ||   117
       Unarmed           |     9 |       |       |       |       |       |       |       |       ||     9
       Headbutt          |    10 |    30 |    52 |   145 |   334 |   383 |   475 |   574 |  1196 ||  3199
       Whip              |       |   186 |       |       |       |       |       |       |       ||   186
       War axe           |       |       |   324 |   197 |       |       |       |       |       ||   521
       Flail             |       |       |     1 |       |       |       |       |       |       ||     1
       Demon whip        |       |       |       |   583 |  1592 |  1540 |  1687 |  1521 |  3340 || 10263
       Double sword      |       |       |       |       |    29 |    66 |       |    20 |       ||   115
Throw: Throwing net      |       |       |       |       |       |       |       |       |     4 ||     4
 Cast: Sandblast         |     4 |       |       |       |       |       |       |       |       ||     4
       Regeneration      |       |       |       |       |       |     1 |    24 |    15 |    51 ||    91
       Passwall          |       |       |       |       |       |       |     2 |       |       ||     2
       Spectral Weapon   |       |       |       |       |       |       |       |       |     4 ||     4
       Dispel Undead     |       |       |       |       |       |       |       |       |     5 ||     5
       Borgnjor's Vile C |       |       |       |       |       |       |       |       |     3 ||     3
Invok: Upheaval          |       |       |       |     3 |    15 |    47 |    32 |    23 |    51 ||   171
       Disaster Area     |       |       |       |       |     4 |       |       |       |     5 ||     9
       Elemental Force   |       |       |       |       |       |       |     1 |       |       ||     1
 Abil: Evoke Berserk Rag |       |     4 |     2 |     7 |     1 |     2 |     2 |       |       ||    18
Evoke: Wand              |       |       |     3 |    18 |     9 |     7 |     9 |     4 |     9 ||    59
       Phantom mirror    |       |       |       |       |       |       |       |       |     1 ||     1
  Use: Potion            |     4 |     2 |     2 |     3 |    10 |    11 |    16 |     4 |    43 ||    95
       Scroll            |     1 |     3 |     7 |    10 |    17 |     7 |    17 |    19 |    36 ||   117
 Stab: Invisible         |       |       |       |       |     4 |       |     5 |       |       ||     9
       Distracted        |       |       |       |       |       |     3 |       |     1 |     2 ||     6
       Confused          |       |       |       |       |       |       |     1 |       |     3 ||     4
       Petrified         |       |       |       |       |       |       |       |       |     5 ||     5
       Held in net/web   |       |       |       |       |       |       |       |       |     3 ||     3
       Paralysed         |       |       |       |       |       |       |       |       |     1 ||     1
  Eat: Chunk             |     1 |     8 |     7 |    19 |    14 |     8 |     8 |     4 |     6 ||    75
       Ration            |       |     1 |     2 |     2 |     6 |    10 |    10 |     9 |    24 ||    64
Armor: Ring mail         |    45 |    31 |    14 |   209 |   304 |   355 |    57 |    42 |   387 ||  1444
       Animal skin       |       |    11 |     7 |       |       |       |       |       |       ||    18
       Leather armour    |       |       |    20 |       |       |       |       |       |       ||    20
       Plate armour      |       |       |    98 |       |       |       |       |       |       ||    98
       Ice dragon scales |       |       |       |       |       |       |   240 |       |       ||   240
       Scale mail        |       |       |       |       |       |       |     9 |   244 |       ||   253
       Gold dragon scale |       |       |       |       |       |       |       |       |   169 ||   169
Dodge: Dodged            |    72 |    99 |   112 |   323 |   616 |   746 |   651 |   688 |  1599 ||  4906
       Deflected         |       |       |       |     7 |    25 |    56 |    76 |    48 |    51 ||   263
Block: Other             |       |    10 |     2 |       |       |       |       |       |       ||    12
       Buckler           |       |       |   107 |   413 |   771 |   615 |   571 |   703 |  1525 ||  4705
       Rpst.: Double sword |       |       |       |       |     6 |     6 |       |     3 |       ||    15
